 Dungeon Crawl Stone Soup version 0.30-a0-394-g3e4acdb0ae (webtiles) character file.

Game seed: 5652210787544090183

44 Raultor the Insei (level 3, -1/23 HPs)
             Began as an Octopode Transmuter on Dec 6, 2022.
             Killed from afar by Sigmund (6 damage)
             ... with a magic dart
             ... on level 2 of the Dungeon.
             The game lasted 00:04:20 (1014 turns).

Raultor the Insei (Octopode Transmuter)             Turns: 1014, Time: 00:04:20

Health: -1/23      AC:  1    Str:  9    XL:     3   Next: 60%
Magic:  6/6        EV: 13    Int: 17    God:
Gold:   94         SH:  0    Dex: 12    Spells: 1/6 levels left

rFire   . . .      SeeInvis .      - Unarmed
rCold   . . .      Faith    .    (no shield)
rNeg    . . .      Spirit   .    (helmet currently unavailable)
rPois   .          Reflect  .    (no amulet)
rElec   .          Harm     .    R - ring of resist corrosion
rCorr   +          Rampage  .    (no ring)
Will    .....      Rage     3%   (no ring)
Stlth   ++........               (no ring)
HPRegen 0.23/turn                (no ring)
MPRegen 0.10/turn                (no ring)
                                 (no ring)
                                 (no ring)

@: mighty, brilliant, appendages
A: tentacle spike 3, almost no armour, amphibious, 8 rings, camouflage 1,
gelatinous body 1, (nimble swimmer 1), tentacles, berserk 1
a: End Transformation


You were on level 2 of the Dungeon.
One of your tentacles had grown a beastly spike.
You visited 1 branch of the dungeon, and saw 2 of its levels.

You collected 94 gold pieces.


Innate Abilities, Weirdness & Mutations

One of your tentacles has grown a beastly spike.
You cannot wear most types of armour.
You are amphibious.
You can wear up to eight rings at the same time.
Your skin changes colour to match your surroundings (Stealth+).
Your rubbery body absorbs attacks. (AC +1, EV +1)
((You are camouflaged when in or above water. (Stealth+)))
You have tentacles for arms and can constrict up to eight enemies at once.
You sometimes lose your temper in combat.


   Skills:
 + Level 1.6 Fighting
 - Level 2.0 Dodging
 + Level 3.2 Unarmed Combat
 - Level 2.0 Spellcasting
 * Level 2.6 Transmutations
 * Level 1.6 Ice Magic


You had one spell level left.
You knew the following spells:

 Your Spells              Type           Power      Damage    Failure   Level
b - Beastly Appendage     Tmut           32%        N/A       7%          1
e - Ensorcelled Hibernat  Hex/Ice        12%        N/A       21%         2
w - Wereblood             Tmut           16%        N/A       10%         2

Your spell library contained the following spells:

 Spells                   Type           Power      Damage    Failure   Level
 Summon Small Mammal      Summ           8%         N/A       19%         1
 Sublimation of Blood     Necr           2%         N/A       28%         2
 Spider Form              Tmut/Pois      9%         N/A       34%         3
 Ice Form                 Ice/Tmut       13%        N/A       61%         4
 Anguish                  Hex/Necr       1%         N/A       88%         4
 Summon Hydra             Summ           1%         N/A       100%        7

Inventory:

Jewellery
 R - a ring of resist corrosion (left tentacle)
Wands
 k - a wand of flame (21)
Scrolls
 b - a scroll of vulnerability {unknown}
 d - a scroll of poison {unknown}
 f - a scroll of magic mapping {unknown}
 h - 2 scrolls of enchant armour {unknown}
 i - a scroll of teleportation {unknown}
Potions
 a - a potion of lignification
 c - 2 potions of mutation
 j - a potion of invisibility {unknown}

Dungeon Overview and Level Annotations

Branches:
Dungeon (2/15)

Altars:

Annotations:
D:2 Sigmund

...†.#.#.##......###
.###.#P#.#...#.<....
##.#.#.#⚑..#..##..#
##..#.#.#......# .#
#...#.#.##..#..# .#
...#..#.#P...#..#
..#
.......#.##^.#..##.#
..##....#.P..#..#.##
## ##....##^....@@.#
#.#........###..#
#.######.### ## #(#
#. #.# #^


You could see Sigmund.


Message History

You add the spell Summon Small Mammal to your library.
There is a faded altar of an unknown god here.
This altar belongs to (a) Elyvilon, (b) Sif Muna or (c) Makhleb, but you can't tell which.
Press the corresponding letter to learn more about a god, or press enter to convert or escape to cancel.
Okay, then.
Sigmund the Dreaded comes into view.
He is wielding a +0 scythe.
Okay, then.
Casting: Beastly Appendage (safe; 7% risk of failure)
Press: ? - help, Q - select action, (/) - cycle Dir - look around, f - activate One of your tentacles grows a vicious spike.
Sigmund shouts!
Sigmund gestures at you while chanting.
You are confused.
It was a potion of mutation.
You feel extremely strange.
You feel a little pissed off.
It was a potion of brilliance.
You feel clever all of a sudden.
Sigmund's eyes start glowing with a red light.
Sigmund closely misses you.
It was a potion of might.
You feel very mighty all of a sudden. Sigmund gestures at you while chanting.
The puff of flame hits you!
You bump into the rock wall.
You bump into the rock wall.
You feel less confused.
Sigmund hits you from afar with a +0 scythe!
* * * LOW HITPOINT WARNING * * *
Sigmund points at you and mumbles some strange words.
The magic dart hits you.
You die...

Skill      XL: |  1  2 |
---------------+-------+-----
Ice Magic      | 1 |  1.6
Fighting       | |  1.6
Dodging        | |  2.0
Unarmed Combat | |  3.2
Spellcasting   | |  2.0
Transmutations | |  2.6

Action                   || total
-------------------------++-------
Melee: Unarmed           ||    51
       Tentacles         ||    10
       Kick              ||     9
       Punch             ||     4
       Constrict         ||     7
 Cast: Beastly Appendage ||     7
       Ensorcelled Hiber ||     1
  Use: Potion            ||     3
 Stab: Sleeping          ||     3
Armor: Skin              ||     2
Dodge: Dodged            ||    31

Levels and vault maps discovered:
D:1:      dpeg_arrival_ternary, layout_rooms
D:2:      layout_loops_ring, shapermc_ecumenical_altar_rom_forum,
          serial_bayou_pond_a, uniq_sigmund

Notes
Turn   | Place    | Note
-------+----------+-------------------------------------------
     0 | D:1      | Raultor the Octopode Transmuter began the quest for the
                  | Orb.
     0 | D:1      | Reached XP level 1. HP: 13/13 MP: 3/3
   163 | D:1      | Reached XP level 2. HP: 13/18 MP: 3/5
   169 | D:1      | Learned a level 2 spell: Wereblood
   237 | D:1      | Reached skill level 1 in Ice Magic
   318 | D:1      | Reached XP level 3. HP: 9/23 MP: 4/6
   468 | D:1      | Learned a level 2 spell: Ensorcelled Hibernation
   978 | D:2      | Found a faded altar of an unknown god.
   994 | D:2      | Got Plato's Codex of Calling
  1001 | D:2      | Noticed Sigmund
  1008 | D:2      | Gained mutation: You sometimes lose your temper in combat.
                  | [potion of mutation]
  1014 | D:2      | Killed from afar by Sigmund

Vanquished Creatures
  2 gnolls (D:1)
  A dart slug (D:1)
  A ball python (D:2)
  5 endoplasms
  A goblin (D:1)
  3 hobgoblins (D:1)
  2 quokkas
  2 bats (D:2)
  A frilled lizard (D:2)
  A kobold (D:2)
  2 rats (D:1)
21 creatures vanquished.

Vanquished Creatures (others)
  A fungus (D:2)
  4 plants (D:2)
5 creatures vanquished.

Grand Total: 26 creatures vanquished

Table legend: (Time is in decaauts)
 A = Elapsed time spent in this place.
 B = Non-inter-level travel time spent in this place.
 C = Inter-level travel time spent in this place.
 D = Time resting spent in this place.
 E = Time spent auto-exploring this place.
 F = Levels seen in this place.
 G = Mean time per level.
                   A        B        C        D        E       F      G
               +--------+--------+--------+--------+--------+-----+--------+
         Total |   1010 |    968 |     42 |      0 |    720 |   2 |  505.0 |
       Dungeon |   1010 |    968 |     42 |      0 |    720 |   2 |  505.0 |
               +--------+--------+--------+--------+--------+-----+--------+

Top non-repeatable levels by time:
     D:1: 664 daAuts
     D:2: 345 daAuts

Table legend:
 A = Non-vault XP
 B = Vault XP
 C = Vault XP percentage of total XP
 D = Non-vault monster count
 E = Vault monster count
 F = Vault count percentage of total count
                 A         B        C        D         E       F
            +---------+---------+-------+---------+---------+-------
      Total |      63 |       0 |   0.0 |      21 |       0 |   0.0
            +---------+---------+-------+---------+---------+-------
        D:1 |      53 |       0 |   0.0 |      14 |       0 |   0.0
        D:2 |      10 |       0 |   0.0 |       7 |       0 |   0.0
            +---------+---------+-------+---------+---------+-------
